 Dungeon Crawl Stone Soup version 0.31.0-11-ge490571c62 (webtiles) character file.

Game seed: 2246851655948214429

33 qw the Shooter (level 3, -7/20 HPs)
             Began as a Deep Elf Hunter on Feb 4, 2024.
             Mangled by a gnoll
             ... wielding a +0 halberd
              (10 damage)
             ... on level 2 of the Dungeon.
             The game lasted 00:00:02 (821 turns).

qw the Shooter (Deep Elf Hunter)                     Turns: 821, Time: 00:00:03

Health: -7/20      AC:  5    Str: 10    XL:     3   Next: 12%
Magic:  5/5        EV: 11    Int: 13    God:
Gold:   17         SH:  0    Dex: 18    Spells: 2/2 levels left

rFire   . . .        a - +0 shortbow
rCold   . . .        (shield currently unavailable)
rNeg    . . .        d - +0 ring mail
rPois   +            (no helmet)
rElec   .            (no cloak)
rCorr   .            (no gloves)
SInv    .            (no boots)
Will    .....        h - amulet of the acrobat
Stlth   +            g - ring of poison resistance
HPRegen 0.23/turn    (no ring)
MPRegen 0.09/turn

%: acrobat
@: about to teleport
A: no striking features
a: no special abilities


You were on level 2 of the Dungeon.
You visited 1 branch of the dungeon, and saw 2 of its levels.

You collected 17 gold pieces.


   Skills:
 - Level 1.5 Fighting
 + Level 6.7 Ranged Weapons
 - Level 2.4 Dodging
 - Level 1.2 Stealth


You had 2 spell levels left.
You didn't know any spells.
Your spell library was empty.

Inventory:

Hand Weapons
 a - a +0 shortbow (weapon)
Armour
 d - a +0 ring mail (worn)
Jewellery
 g - a ring of poison resistance (left hand)
 h - an amulet of the acrobat (around neck)
Wands
 b - a wand of polymorph (9)

Dungeon Overview and Level Annotations

Branches:
Dungeon (2/15)

Altars:


Message History

There is an open door here.
You shoot an arrow. The arrow hits the frilled lizard!
You kill the frilled lizard!
b - a wand of polymorph (9)
You open the door.
A rat comes into view.
You shoot an arrow. The arrow hits the rat.
You kill the rat!
A gnoll comes into view. It is wielding a +0 flail.
You shoot an arrow. The arrow hits the gnoll.
The gnoll shouts!
The gnoll is lightly wounded.
A gnoll comes into view. It is wielding a +0 flail.
You shoot an arrow.
The arrow hits the gnoll but does no damage.
You hear a shout!
You shoot an arrow. The arrow hits the gnoll.
The gnoll is lightly wounded.
A gnoll comes into view. It is wielding a +0 halberd.
The gnoll hits you from afar with a +0 halberd!
Ouch! That really hurt!
Enter note:
Enter note:
817 ||| RETREEEEATING.
You shoot an arrow. The arrow hits the gnoll.
The gnoll is moderately wounded.
The gnoll hits you from afar with a +0 halberd.
Enter note:
Enter note:
819 ||| RETREEEEATING.
The gnoll attacks as it pursues you! The gnoll completely misses you.
You shoot an arrow. The arrow closely misses the gnoll.
The arrow hits the gnoll but does no damage.
The gnoll barely misses you. The gnoll hits you with a +0 flail.
821 ||| READING scroll of teleportation.
As you read the scroll of teleportation, it crumbles to dust.
You feel strangely unstable.
The gnoll hits you from afar with a +0 halberd!
Ouch! That really hurt!
You die...

.........# ###.#
.........# ..#
......#..###### ###
...(..#...... ..#
###........### #.# .
#..........## #.# ..
#......###..# #.# ...
#......###..###.#
....
#####'#.......@.#
.....
#%#.######.g##......
..#.#.......g.g.....
####.#.....##g.$.....
........ .........
....#.........$...
.... #............#
..................#
.#........$...#


You could see 3 gnolls.

Vanquished Creatures
  2 ball pythons (D:1)
  4 endoplasms (D:1)
  4 goblins (D:1)
  2 hobgoblins (D:1)
  3 jackals (D:1)
  3 kobolds (D:1)
  2 quokkas (D:1)
  3 bats (D:1)
  3 frilled lizards
  3 rats
29 creatures vanquished.

Notes
Turn   | Place    | Note
-------+----------+-------------------------------------------
     0 | D:1      | qw the Deep Elf Hunter began the quest for the Orb.
     0 | D:1      | Reached XP level 1. HP: 12/12 MP: 3/3
     0 | D:1      | 0 ||| qw: Version: 0.3-a-160-g6735b56
     0 | D:1      | 0 ||| qw: Game counter: 5415
     0 | D:1      | 0 ||| qw: Melee chars always use a shield: true
     0 | D:1      | 0 ||| qw: God list: Okawaru
     0 | D:1      | 0 ||| qw: Allow faded altars: false
     0 | D:1      | 0 ||| qw: Do Orc after clearing Dungeon:15 true
     0 | D:1      | 0 ||| qw: Do second Lair branch before Depths: true
     0 | D:1      | 0 ||| qw: Lair rune preference: random
     0 | D:1      | 0 ||| qw: Goals: Normal
     0 | D:1      | 0 ||| PLANNING D:1-11
    81 | D:1      | HP: 3/12 [jackal (3)]
    90 | D:1      | Reached skill level 6 in Ranged Weapons
    90 | D:1      | Reached XP level 2. HP: 4/16 MP: 4/4
   416 | D:1      | Reached XP level 3. HP: 20/20 MP: 5/5
   619 | D:1      | 619 ||| UPGRADING to +0 ring mail.
   629 | D:1      | 629 ||| DROPPING +0 leather armour.
   630 | D:1      | 630 ||| UPGRADING to amulet of the acrobat.
   635 | D:1      | 635 ||| UPGRADING to ring of poison resistance.
   636 | D:1      | 636 ||| READING 2 scrolls labelled IXEICH ILEQY.
   641 | D:1      | 641 ||| READING scroll labelled QYTUPH FAOVAUH.
   642 | D:1      | 642 ||| DROPPING scroll of butterflies.
   716 | D:2      | Found a faded altar of an unknown god.
   817 | D:2      | 817 ||| RETREEEEATING.
   819 | D:2      | 819 ||| RETREEEEATING.
   820 | D:2      | HP: 3/20 [gnoll/+0 flail (5)]
   821 | D:2      | 821 ||| READING scroll of teleportation.
   821 | D:2      | Mangled by a gnoll

Levels and vault maps discovered:
D:1:      matt_arrival_grand_opening, layout_loops_ring
D:2:      layout_basic, ebering_ecumenical_altar_sacrificial, serial_shops,
          shop, basic_altar

Skill      XL: |  1 |
---------------+----+-----
Ranged Weapons | 6 |  6.7
Fighting       | |  1.5
Dodging        | |  2.4
Stealth        | |  1.2

Action                     || total
---------------------------++-------
   Fire: Shortbow          ||    70
    Use: Scroll            ||     3
 Armour: Leather armour    ||    18
         Ring mail         ||     4
  Dodge: Dodged            ||    18

Table legend:
 A = Non-vault XP
 B = Vault XP
 C = Vault XP percentage of total XP
 D = Non-vault monster count
 E = Vault monster count
 F = Vault count percentage of total count
                 A         B        C        D         E       F
            +---------+---------+-------+---------+---------+-------
      Total |      48 |       0 |   0.0 |      29 |       0 |   0.0
            +---------+---------+-------+---------+---------+-------
        D:1 |      46 |       0 |   0.0 |      27 |       0 |   0.0
        D:2 |       2 |       0 |   0.0 |       2 |       0 |   0.0
            +---------+---------+-------+---------+---------+-------
